 Dungeon Crawl Stone Soup version 0.29.0-4-gdea44cf6ec (webtiles) character file.

Game seed: 477111512292973083

35694 qw the Severer (level 13, -9/86 HPs)
             Began as a Gargoyle Berserker on Sept 6, 2022.
             Was a Priest of Trog.
             Mangled by a dire elephant (19 damage)
             ... on level 5 of the Lair of Beasts.
             The game lasted 00:05:50 (19210 turns).

qw the Severer (Gargoyle Berserker)                Turns: 19210, Time: 00:05:51

Health: -9/86      AC: 28    Str: 26    XL:     13   Next: 85%
Magic:  11/11      EV: 12    Int:  8    God:    Trog [***...]
Gold:   976        SH:  5    Dex:  9    Spells: 12/12 levels left

rFire   . . .      SeeInvis .   Y - +4 broad axe (vorpal)
rCold   . . .      Faith    .   (no shield)
rNeg    + . .      Spirit   .   j - +1 plate armour
rPois   inf        Reflect  +   (no helmet)
rElec   +          Harm     .   c - +2 cloak
rCorr   .          Rampage  .   (no gloves)
Will    .....                   (no boots)
Stlth   ..........              h - amulet of reflection
HPRegen 0.24/turn               i - +4 ring of evasion
MPRegen 0.12/turn               l - +4 ring of slaying {mikee}

@: on berserk cooldown, slowed, very slow
A: sickness immunity, AC +9, negative energy resistance 1, electricity
resistance, torment resistance 1, petrification resistance, low MP 1, mutation
resistance 1
a: Renounce Religion, Berserk, Trog's Hand


You were on level 5 of the Lair of Beasts.
You worshipped Trog.
Trog was most pleased with you.
You visited 2 branches of the dungeon, and saw 14 of its levels.
You also visited: Ossuary.

You collected 976 gold pieces.


Innate Abilities, Weirdness & Mutations

You are immune to sickness and miasma.
Your stone body is resilient. (AC +9)
You are immune to poison.
You resist negative energy. (rN+)
You are resistant to electric shocks. (rElec)
You are resistant to unholy torment.
You are immune to petrification.
Your magical capacity is low. (-10% MP)
You are somewhat resistant to further mutation.


   Skills:
 - Level 12.0 Fighting
 + Level 16.9 Axes
 - Level 3.0 Throwing
 - Level 10.0 Armour
 - Level 3.0 Dodging


You had 12 spell levels left.
You didn't know any spells.
Your spell library was empty.

Inventory:

Hand Weapons
 k - a +2 morningstar of venom
 Y - a +4 vorpal broad axe (weapon)
Missiles
 g - 9 boomerangs (quivered)
Armour
 c - a +2 cloak (worn)
 j - a +1 plate armour (worn)
 o - a +2 chain mail of fire resistance
Jewellery
 h - an amulet of reflection (around neck)
 i - a +4 ring of evasion (left hand)
 l - a +4 ring of slaying (right hand) {mikee}
 n - a ring of fire
Scrolls
 a - 4 scrolls of identify
 f - 3 scrolls of teleportation
Potions
 b - 4 potions of mutation
 d - 4 potions of curing
 e - a potion of resistance
 m - a potion of heal wounds
 p - a potion of might

Dungeon Overview and Level Annotations

Branches:
Dungeon (9/15)             Temple (0/1) D:6            Lair (5/5) D:9
 Shoals (0/4) Lair:3       Spider (0/4) Lair:3        Slime (0/5) Lair:5
    Orc (0/2) D:9         Ossuary (visited)

Altars:
Cheibriados
Dithmenos
Elyvilon
Fedhas
Gozag
Makhleb
Okawaru
Ru
Sif Muna
Trog
Xom
Yredelemnul
The Shining One
Jiyva

Shops:
D:6 (

Portals:
Abyss: Lair:2

Annotations:
D:9 3 runed translucent doors, qw's ghost, journeyman TrCA
Lair:1 1 runed translucent door, qw's ghost, journeyman TrCA
Lair:2 2 transporters, qw's ghost, journeyman GrBe


Message History

The dire elephant misses you.
The dire elephant trunk-slaps you but does no damage.
The dire elephant completely misses you.
The dire elephant trunk-slaps you but does no damage.
Your unstable footing causes you to fumble your attack.
You slash the dire elephant!
The dire elephant is almost dead.
You barely miss the dire elephant. The dire elephant tramples you!
You hold your ground!
The dire elephant trunk-slaps you.
The dire elephant tramples you but does no damage.
You block the dire elephant's attack.
You slice the dire elephant!!
You kill the dire elephant!
Trog accepts your kill.
You slash the dire elephant!
Your unstable footing causes you to fumble your attack.
The dire elephant tramples you.
You hold your ground!
The dire elephant barely misses you.
You slice the dire elephant!!
The dire elephant is heavily wounded.
You slice the dire elephant!!
The dire elephant is almost dead.
The dire elephant tramples you!
You hold your ground!
You block the dire elephant's attack.
You hit the dire elephant.
The dire elephant is almost dead.
You barely miss the dire elephant.
The dire elephant is almost dead.
The dire elephant tramples you!
You hold your ground!
The dire elephant misses you.
You hit the dire elephant.
The dire elephant is almost dead.
You are no longer berserk.
You are exhausted.
You feel yourself slow down.
19210 ||| Stepping ~*~*~tactically~*~*~ (water).
The dire elephant tramples you!!
You hold your ground!
The dire elephant misses you. The dire elephant tramples you!!
You die...

# ###.#...# #
...7#...#8.8# ##
##...##.####'## .#
.#P.#..#~...##
.######...#.##~~~..#
..##.# ...#.#~~~~~~#
..#..###..#.#.~~~~~#
..#..##...#.##.~~~##
..........#.####@Y#
..........#.8##8..8#
..###..#..'%.8#....#
.## ###...'.}.#..?.#
.# #...'..8#.?(.# .#
#P..#.8##8[)8# .#
#...#.######## .#
##..#.# ## #..#.#


You could see a dire elephant.

Vanquished Creatures
  Gastronok (D:8)
  3 dire elephants (Lair:5)
  4 hydras
  Erica (Lair:1)
  A catoblepas (Lair:5)
  2 two-headed ogres
  6 death yaks (Lair:5)
  A spectral death yak (Lair:5)
  A spectral anaconda (Lair:5)
  Pikel (D:5)
  2 wolf spiders (Lair:4)
  A necromancer (Lair:5)
  2 black mambas
  Joseph (Lair:1)
  2 rust devils (D:6)
  5 cane toads
  A gargoyle (D:8)
  4 komodo dragons
  2 polar bears
  A meliai (Lair:3)
  Prince Ribbit (D:9)
  5 dream sheep (Lair:5)
  10 blink frogs
  5 wyverns
  5 yaks
  A wraith (Ossuary)
  A dire elephant simulacrum (Lair:5)
  2 basilisks
  A steam dragon (D:9)
  Eustachio (D:5)
  2 wargs (D:9)
  2 acid dragons (D:9)
  2 spectral cane toads (Lair:5)
  14 two-headed ogre zombies (D:9)
  9 water moccasins
  3 sky beasts
  7 orc warriors
  3 ogres (D:5)
  17 wolves
  6 centaurs
  An elephant skeleton (Lair:5)
  2 phantoms
  2 kobold brigands
  7 bullfrogs
  3 gnoll sergeants
  4 scorpions
  18 wights
  7 killer bees
  A howler monkey (D:5)
  3 jellies
  8 orc priests
  2 iguanas
  16 orc wizards
  Natasha (thrice) (D:2)
  7 hell rats (Lair:4)
  2 mummies
  7 adders
  12 gnolls
  2 shadow imps (D:6)
  A white imp (D:8)
  An ufetubus (D:5)
  5 worms
  5 dart slugs
  41 orcs
  6 endoplasms
  5 giant cockroaches
  8 goblins
  6 hobgoblins
  3 quokkas
  4 ball pythons
  2 bats
  A frilled lizard (D:2)
  4 gnoll skeletons (Ossuary)
  13 kobolds
  5 kobold skeletons (Ossuary)
  16 orc skeletons (Ossuary)
  3 rats
375 creatures vanquished.

Vanquished Creatures (collateral kills)
  Erolcha (D:9)
  A hydra (Lair:4)
  An orc warrior (D:9)
  A wolf (Lair:4)
  An orc priest (D:9)
  2 orcs (D:9)
7 creatures vanquished.

Vanquished Creatures (others)
  Sonja (Lair:5)
  A cane toad (Lair:5)
  A wolf (Lair:5)
  19 fungi
  37 plants
  9 withered plants (Lair:5)
68 creatures vanquished.

Grand Total: 450 creatures vanquished

Notes
Turn   | Place    | Note
-------+----------+-------------------------------------------
     0 | D:1      | qw the Gargoyle Berserker began the quest for the Orb.
     0 | D:1      | Reached XP level 1. HP: 14/14 MP: 1/1
     0 | D:1      | 0 ||| qw: Version: 0.1-a-108-g9e35731
     0 | D:1      | 0 ||| qw: Game counter: 6247
     0 | D:1      | 0 ||| qw: Always use a shield: true
     0 | D:1      | 0 ||| qw: Do Orc after D:15 true
     0 | D:1      | 0 ||| qw: Do second Lair branch before Depths: true
     0 | D:1      | 0 ||| qw: Lair rune preference: random
     0 | D:1      | 0 ||| qw: Plans: Normal
     0 | D:1      | 0 ||| PLANNING D:1-11
   357 | D:1      | Reached skill level 3 in Axes
   500 | D:1      | 500 ||| DROPPING +0 club.
   582 | D:1      | 582 ||| INVOKING Berserk.
   920 | D:1      | Reached XP level 2. HP: 19/19 MP: 2/2
   921 | D:1      | 921 ||| Stepping ~*~*~tactically~*~*~ (hiding).
  1259 | D:1      | 1259 ||| UPGRADING to +2 cloak.
  1264 | D:1      | 1264 ||| READING scroll labelled LELUFOGACA.
  1265 | D:1      | 1265 ||| DRINKING 2 fizzy red potions.
  1335 | D:2      | 1335 ||| STAIRDANCE
  1340 | D:2      | 1340 ||| STAIRDANCE
  1382 | D:2      | 1382 ||| Stepping ~*~*~tactically~*~*~ (stealth).
  1385 | D:2      | 1385 ||| Stepping ~*~*~tactically~*~*~ (stealth).
  1459 | D:2      | 1459 ||| INVOKING Berserk.
  1463 | D:2      | Reached XP level 3. HP: 23/23 MP: 3/3
  1579 | D:2      | Noticed Natasha
  1580 | D:2      | 1580 ||| Stepping ~*~*~tactically~*~*~ (hiding).
  1582 | D:2      | 1582 ||| Stepping ~*~*~tactically~*~*~ (hiding).
  1586 | D:2      | 1586 ||| INVOKING Berserk.
  1587 | D:2      | Killed Natasha
  1588 | D:2      | Reached skill level 4 in Axes
  1645 | D:2      | Reached XP level 4. HP: 24/28 MP: 4/4
  1732 | D:2      | Noticed Natasha
  1736 | D:2      | 1736 ||| INVOKING Berserk.
  1738 | D:2      | Killed Natasha
  1770 | D:2      | Noticed Natasha
  1776 | D:2      | 1776 ||| INVOKING Berserk.
  1777 | D:2      | Killed Natasha
  1778 | D:2      | Reached skill level 5 in Axes
  1915 | D:2      | 1915 ||| Stepping ~*~*~tactically~*~*~ (hiding).
  1918 | D:2      | 1918 ||| Stepping ~*~*~tactically~*~*~ (hiding).
  2088 | D:2      | 2088 ||| Stepping ~*~*~tactically~*~*~ (stealth).
  2090 | D:2      | 2090 ||| Stepping ~*~*~tactically~*~*~ (stealth).
  2099 | D:2      | Reached XP level 5. HP: 32/32 MP: 5/5
  2181 | D:2      | Found a snail-covered altar of Cheibriados.
  2371 | D:2      | 2371 ||| Stepping ~*~*~tactically~*~*~ (hiding).
  2473 | D:2      | 2473 ||| Stepping ~*~*~tactically~*~*~ (hiding).
  2575 | D:2      | 2575 ||| Stepping ~*~*~tactically~*~*~ (hiding).
  2677 | D:2      | 2677 ||| Stepping ~*~*~tactically~*~*~ (hiding).
  2779 | D:2      | 2779 ||| Stepping ~*~*~tactically~*~*~ (hiding).
  3003 | D:2      | 3003 ||| UPGRADING to +0 ring mail.
  3013 | D:2      | 3013 ||| DROPPING +0 animal skin.
  3014 | D:2      | 3014 ||| UPGRADING to +4 ring of evasion.
  3015 | D:2      | 3015 ||| READING scroll labelled MUITRE CYTIUNN.
  3116 | D:2      | 3116 ||| READING scroll labelled BIGOBB FULYOV.
  3174 | D:3      | Found a sacrificial altar of Ru.
  3410 | D:3      | You fall into a shaft and drop 2 floors!
  3410 | D:5      | Entered Level 5 of the Dungeon
  3440 | D:5      | 3440 ||| READING scroll labelled GUT MUINICH.
  3441 | D:5      | 3441 ||| DRINKING 3 bubbling cyan potions.
  3441 | D:5      | Gained mutation: Your magical capacity is low. (-10% MP)
                  | [potion of mutation]
  3441 | D:5      | Gained mutation: You are somewhat resistant to further
                  | mutation. [potion of mutation]
  3445 | D:5      | Found a snail-covered altar of Cheibriados.
  3544 | D:5      | Noticed an ogre
  3549 | D:5      | 3549 ||| INVOKING Berserk.
  3553 | D:5      | Killed an ogre
  3554 | D:5      | Reached XP level 6. HP: 38/38 MP: 5/5
  3571 | D:5      | 3571 ||| STAIRDANCE
  3584 | D:4      | Reached skill level 6 in Axes
  3751 | D:4      | Reached ** piety under Trog
  3772 | D:4      | 3772 ||| READING scroll labelled TIG OTOTOX.
  3929 | D:3      | Found a faded altar of an unknown god.
  3929 | D:3      | Noticed a hell beast
  4403 | D:3      | 4403 ||| UPGRADING to +4 ring of slaying {mikee}.
  4404 | D:3      | 4404 ||| READING scroll labelled LILEZA TUEVA.
  4407 | D:3      | 4407 ||| READING 3 scrolls of identify.
  4407 | D:3      | 4407 ||| IDENTIFYING viscous dark potion
  4408 | D:3      | 4408 ||| READING 2 scrolls of identify.
  4408 | D:3      | 4408 ||| IDENTIFYING sedimented grey potion
  4409 | D:3      | 4409 ||| DROPPING potion of berserk rage.
  4410 | D:3      | 4410 ||| DROPPING potion of attraction.
  4475 | D:4      | Found a shadowy altar of Dithmenos.
  4549 | D:4      | 4549 ||| Stepping ~*~*~tactically~*~*~ (stealth).
  4550 | D:4      | 4550 ||| Stepping ~*~*~tactically~*~*~ (stealth).
  4562 | D:4      | 4562 ||| Stepping ~*~*~tactically~*~*~ (stealth).
  4680 | D:4      | 4680 ||| Stepping ~*~*~tactically~*~*~ (stealth).
  4681 | D:4      | 4681 ||| Stepping ~*~*~tactically~*~*~ (stealth).
  4686 | D:4      | 4686 ||| Stepping ~*~*~tactically~*~*~ (stealth).
  4919 | D:4      | Reached XP level 7. HP: 39/43 MP: 6/6
  5045 | D:4      | 5045 ||| UPGRADING to +0 scale mail.
  5055 | D:4      | 5055 ||| DROPPING +0 ring mail.
  5056 | D:4      | 5056 ||| DROPPING ring of ice.
  5057 | D:4      | 5057 ||| DRINKING 2 sapphire potions.
  5058 | D:4      | 5058 ||| READING 4 scrolls of identify.
  5058 | D:4      | 5058 ||| IDENTIFYING fizzy ruby potion
  5059 | D:4      | 5059 ||| DROPPING potion of magic.
  5060 | D:4      | 5060 ||| DROPPING potion of brilliance.
  5152 | D:5      | Reached skill level 7 in Axes
  5182 | D:5      | 5182 ||| INVOKING Berserk.
  5193 | D:5      | HP: 3/44 [wight/+0 dire flail (10)]
  5194 | D:5      | HP: 1/44 [wight/+0 dire flail (3)]
  5201 | D:5      | Reached skill level 1 in Throwing
  5547 | D:5      | 5547 ||| Stepping ~*~*~tactically~*~*~ (hiding).
  5550 | D:5      | 5550 ||| INVOKING Berserk.
  5655 | D:5      | 5655 ||| Stepping ~*~*~tactically~*~*~ (stealth).
  5656 | D:5      | 5656 ||| Stepping ~*~*~tactically~*~*~ (stealth).
  5734 | D:5      | 5734 ||| Stepping ~*~*~tactically~*~*~ (hiding).
  5743 | D:5      | Reached XP level 8. HP: 44/49 MP: 7/7
  5749 | D:5      | 5749 ||| INVOKING Berserk.
  5970 | D:5      | 5970 ||| Stepping ~*~*~tactically~*~*~ (stealth).
  5971 | D:5      | 5971 ||| DROPPING +0 mace.
  5972 | D:5      | Noticed Pikel
  5973 | D:5      | 5973 ||| Stepping ~*~*~tactically~*~*~ (stealth).
  5977 | D:5      | 5977 ||| INVOKING Berserk.
  5984 | D:5      | Killed Pikel
  5985 | D:5      | Reached skill level 9 in Axes
  5990 | D:5      | 5990 ||| FLEEEEING.
  5991 | D:5      | 5991 ||| FLEEEEING.
  5992 | D:5      | 5992 ||| FLEEEEING.
  5993 | D:5      | 5993 ||| FLEEEEING.
  5994 | D:5      | 5994 ||| FLEEEEING.
  5995 | D:5      | 5995 ||| FLEEEEING.
  5996 | D:5      | 5996 ||| FLEEEEING.
  5997 | D:5      | 5997 ||| FLEEEEING.
  5998 | D:5      | 5998 ||| FLEEEEING.
  5999 | D:5      | 5999 ||| FLEEEEING.
  6000 | D:5      | 6000 ||| FLEEEEING.
  6001 | D:5      | 6001 ||| FLEEEEING.
  6002 | D:5      | 6002 ||| FLEEEEING.
  6003 | D:5      | 6003 ||| FLEEEEING.
  6004 | D:5      | 6004 ||| FLEEEEING.
  6005 | D:5      | 6005 ||| FLEEEEING.
  6006 | D:5      | 6006 ||| FLEEEEING.
  6007 | D:5      | 6007 ||| FLEEEEING.
  6008 | D:5      | 6008 ||| FLEEEEING.
  6009 | D:5      | 6009 ||| FLEEEEING.
  6010 | D:5      | 6010 ||| FLEEEEING.
  6011 | D:5      | 6011 ||| FLEEEEING.
  6012 | D:5      | 6012 ||| FLEEEEING.
  6013 | D:5      | 6013 ||| FLEEEEING.
  6014 | D:5      | 6014 ||| FLEEEEING.
  6015 | D:5      | 6015 ||| FLEEEEING.
  6016 | D:5      | 6016 ||| FLEEEEING.
  6020 | D:5      | 6020 ||| FLEEEEING.
  6021 | D:5      | 6021 ||| FLEEEEING.
  6022 | D:5      | 6022 ||| FLEEEEING.
  6023 | D:5      | 6023 ||| FLEEEEING.
  6038 | D:5      | 6038 ||| FLEEEEING.
  6144 | D:5      | Noticed Eustachio
  6145 | D:5      | 6145 ||| INVOKING Berserk.
  6151 | D:5      | Killed Eustachio
  6152 | D:5      | Reached skill level 6 in Fighting
  6272 | D:5      | 6272 ||| INVOKING Berserk.
  6276 | D:5      | Reached skill level 3 in Armour
  6276 | D:5      | Reached XP level 9. HP: 55/55 MP: 8/8
  6458 | D:5      | 6458 ||| Stepping ~*~*~tactically~*~*~ (hiding).
  6462 | D:5      | 6462 ||| Stepping ~*~*~tactically~*~*~ (hiding).
  6470 | D:5      | 6470 ||| Stepping ~*~*~tactically~*~*~ (stealth).
  6486 | D:5      | 6486 ||| DRINKING 3 potions of curing.
  6486 | D:5      | 6486 ||| (to cure confusion)
  6653 | D:5      | Found an opulent altar of Gozag.
  6761 | D:5      | 6761 ||| UPGRADING to +0 chain mail.
  6771 | D:5      | 6771 ||| DROPPING +0 scale mail.
  6772 | D:5      | 6772 ||| READING scroll labelled COVOH LIROTOSM.
  6773 | D:5      | 6773 ||| READING scroll labelled QEYMYO ZUSA.
  6773 | D:5      | Identified a scroll of acquirement
  6773 | D:5      | 6773 ||| ACQUIRING +1 vorpal broad axe
  6773 | D:5      | Acquired a +1 vorpal broad axe
  6775 | D:5      | 6775 ||| SWAPPING to +1 vorpal broad axe.
  6776 | D:5      | 6776 ||| DROPPING +0 hand axe.
  6777 | D:5      | 6777 ||| READING scroll labelled VUABRU WIFO.
  6778 | D:5      | 6778 ||| READING 5 scrolls of identify.
  6778 | D:5      | 6778 ||| IDENTIFYING glowing pink potion
  6779 | D:5      | 6779 ||| DROPPING potion of invisibility.
  6824 | D:6      | 6824 ||| Stepping ~*~*~tactically~*~*~ (stealth).
  6838 | D:6      | 6838 ||| FLEEEEING.
  6839 | D:6      | 6839 ||| Stepping ~*~*~tactically~*~*~ (hiding).
  6841 | D:6      | 6841 ||| Stepping ~*~*~tactically~*~*~ (hiding).
  6849 | D:6      | 6849 ||| INVOKING Berserk.
  6857 | D:6      | Reached *** piety under Trog
  6857 | D:6      | Noticed a two-headed ogre
  6860 | D:6      | HP: 11/85 [two-headed ogre/+1 dire flail of protection
                  | (17)]
  6864 | D:6      | Reached skill level 10 in Axes
  6864 | D:6      | Killed a two-headed ogre
  6865 | D:6      | Reached skill level 6 in Armour
  6869 | D:6      | 6869 ||| READING scroll of teleportation.
  7029 | D:6      | 7029 ||| FLEEEEING.
  7030 | D:6      | 7030 ||| Stepping ~*~*~tactically~*~*~ (hiding).
  7031 | D:6      | 7031 ||| Stepping ~*~*~tactically~*~*~ (hiding).
  7035 | D:6      | 7035 ||| Stepping ~*~*~tactically~*~*~ (hiding).
  7036 | D:6      | 7036 ||| Stepping ~*~*~tactically~*~*~ (hiding).
  7037 | D:6      | 7037 ||| FLEEEEING.
  7038 | D:6      | 7038 ||| FLEEEEING.
  7039 | D:6      | 7039 ||| FLEEEEING.
  7040 | D:6      | 7040 ||| FLEEEEING.
  7041 | D:6      | 7041 ||| FLEEEEING.
  7042 | D:6      | 7042 ||| FLEEEEING.
  7043 | D:6      | 7043 ||| FLEEEEING.
  7046 | D:6      | 7046 ||| FLEEEEING.
  7047 | D:6      | 7047 ||| FLEEEEING.
  7048 | D:6      | 7048 ||| FLEEEEING.
  7049 | D:6      | 7049 ||| FLEEEEING.
  7058 | D:6      | 7058 ||| STAIRDANCE
  7246 | D:6      | 7246 ||| Stepping ~*~*~tactically~*~*~ (hiding).
  7247 | D:6      | 7247 ||| Stepping ~*~*~tactically~*~*~ (hiding).
  7250 | D:6      | 7250 ||| INVOKING Berserk.
  7295 | D:6      | 7295 ||| Stepping ~*~*~tactically~*~*~ (stealth).
  7296 | D:6      | 7296 ||| Stepping ~*~*~tactically~*~*~ (stealth).
  7470 | D:6      | Found Conydoa's Antique Weapon Shop.
  7575 | D:6      | Found a staircase to the Ecumenical Temple.
  7777 | D:6      | 7777 ||| READING 5 scrolls of identify.
  7777 | D:6      | 7777 ||| IDENTIFYING lumpy cyan potion
  7820 | D:7      | 7820 ||| PLANNING OSSUARY
  7823 | D:7      | 7823 ||| Stepping ~*~*~tactically~*~*~ (stealth).
  7826 | D:7      | 7826 ||| Stepping ~*~*~tactically~*~*~ (hiding).
  7842 | D:7      | 7842 ||| DRINKING 3 potions of curing.
  7842 | D:7      | 7842 ||| (to cure confusion)
  7980 | D:7      | Found a bloodstained altar of Trog.
  8068 | D:7      | 8068 ||| INVOKING Berserk.
  8227 | D:7      | Found a sand-covered staircase.
  8232 | Ossuary  | Entered an ossuary
  8255 | Ossuary  | Reached XP level 10. HP: 64/64 MP: 9/9
  8384 | Ossuary  | 8384 ||| Stepping ~*~*~tactically~*~*~ (stealth).
  8399 | Ossuary  | Reached **** piety under Trog
  8405 | Ossuary  | 8405 ||| READING 2 scrolls labelled TAUKHL IBEURE.
  8406 | Ossuary  | 8406 ||| READING scroll labelled VYFRIT KEOMAYNYXT.
  8407 | Ossuary  | 8407 ||| READING 6 scrolls of identify.
  8407 | Ossuary  | 8407 ||| IDENTIFYING murky puce potion
  8408 | Ossuary  | 8408 ||| READING 5 scrolls of identify.
  8408 | Ossuary  | 8408 ||| IDENTIFYING fizzy dark potion
  8409 | Ossuary  | 8409 ||| READING 4 scrolls of identify.
  8409 | Ossuary  | 8409 ||| IDENTIFYING sedimented golden potion
  8410 | Ossuary  | 8410 ||| DROPPING potion of lignification.
  8411 | Ossuary  | 8411 ||| DROPPING potion of flight.
  8419 | D:7      | 8419 ||| PLANNING D:1-11
  8649 | D:7      | Identified the +1 shortbow of Unulliz {flame, rN+ Str+3
                  | Int+4 Dex+6}
  8669 | D:7      | Found a white marble altar of Elyvilon.
  8672 | D:7      | Found a shimmering blue altar of Sif Muna.
  8678 | D:7      | Found an iron altar of Okawaru.
  8678 | D:7      | Found a burning altar of Makhleb.
  8681 | D:7      | Found a blossoming altar of Fedhas.
  8682 | D:7      | Found a basalt altar of Yredelemnul.
  8806 | D:7      | 8806 ||| DROPPING ring of resist corrosion.
  8833 | D:7      | 8833 ||| Stepping ~*~*~tactically~*~*~ (stealth).
  8834 | D:7      | 8834 ||| Stepping ~*~*~tactically~*~*~ (stealth).
  8835 | D:7      | 8835 ||| Stepping ~*~*~tactically~*~*~ (stealth).
  8836 | D:7      | 8836 ||| Stepping ~*~*~tactically~*~*~ (stealth).
  8943 | D:6      | Noticed a rust devil
  8943 | D:6      | Noticed a rust devil
  8945 | D:6      | 8945 ||| INVOKING Berserk.
  8953 | D:6      | Killed a rust devil
  8955 | D:6      | Killed a rust devil
  8956 | D:6      | Reached skill level 11 in Axes
  9005 | D:6      | 9005 ||| DROPPING +0 flail.
  9013 | D:6      | 9013 ||| UPGRADING to +0 plate armour.
  9023 | D:6      | 9023 ||| DROPPING +0 chain mail.
  9024 | D:6      | 9024 ||| READING scroll of enchant armour.
  9024 | D:6      | 9024 ||| ENCHANTING +0 plate armour.
  9078 | D:8      | 9078 ||| Stepping ~*~*~tactically~*~*~ (hiding).
  9082 | D:8      | 9082 ||| Stepping ~*~*~tactically~*~*~ (hiding).
  9228 | D:8      | 9228 ||| READING scroll of enchant weapon.
  9228 | D:8      | 9228 ||| ENCHANTING +2 vorpal broad axe.
  9347 | D:8      | Found a glowing golden altar of the Shining One.
  9378 | D:8      | 9378 ||| Stepping ~*~*~tactically~*~*~ (stealth).
  9498 | D:8      | Noticed a gargoyle
  9499 | D:8      | 9499 ||| Stepping ~*~*~tactically~*~*~ (hiding).
  9507 | D:8      | Killed a gargoyle
  9508 | D:8      | Reached skill level 9 in Fighting
  9557 | D:8      | 9557 ||| FLEEEEING.
  9561 | D:8      | 9561 ||| FLEEEEING.
  9562 | D:8      | 9562 ||| FLEEEEING.
  9564 | D:8      | 9564 ||| FLEEEEING.
  9679 | D:8      | 9679 ||| INVOKING Berserk.
  9826 | D:8      | Noticed Gastronok
  9830 | D:8      | 9830 ||| INVOKING Berserk.
  9837 | D:8      | Killed Gastronok
 10061 | D:8      | Reached skill level 12 in Axes
 10061 | D:8      | Reached XP level 11. HP: 71/71 MP: 9/9
 10209 | D:8      | 10209 ||| DROPPING +0 chain mail of poison resistance.
 10210 | D:8      | 10210 ||| READING 3 scrolls of identify.
 10210 | D:8      | 10210 ||| IDENTIFYING inky potion
 10211 | D:8      | 10211 ||| DROPPING potion of degeneration.
 10229 | D:9      | 10229 ||| STAIRDANCE
 10240 | D:9      | 10240 ||| STAIRDANCE
 10245 | D:9      | 10245 ||| STAIRDANCE
 10300 | D:9      | 10300 ||| STAIRDANCE
 10313 | D:9      | 10313 ||| STAIRDANCE
 10319 | D:9      | 10319 ||| STAIRDANCE
 10354 | D:9      | 10354 ||| STAIRDANCE
 10374 | D:9      | 10374 ||| STAIRDANCE
 10430 | D:9      | 10430 ||| Stepping ~*~*~tactically~*~*~ (hiding).
 10477 | D:9      | 10477 ||| FLEEEEING.
 10478 | D:9      | 10478 ||| FLEEEEING.
 10479 | D:9      | 10479 ||| FLEEEEING.
 10480 | D:9      | 10480 ||| FLEEEEING.
 10482 | D:9      | 10482 ||| FLEEEEING.
 10572 | D:9      | Found a flagged portal.
 10739 | D:9      | 10739 ||| Stepping ~*~*~tactically~*~*~ (stealth).
 10741 | D:9      | Found a staircase to the Lair.
 10742 | D:9      | 10742 ||| INVOKING Berserk.
 10753 | D:9      | Reached ***** piety under Trog
 10923 | D:9      | Found a runed translucent gate.
 10925 | D:9      | Found a runed translucent gate.
 10925 | D:9      | Found a runed translucent gate.
 10931 | D:9      | Noticed qw's ghost (journeyman TrCA)
 11227 | D:9      | 11227 ||| FLEEEEING.
 11228 | D:9      | 11228 ||| FLEEEEING.
 11229 | D:9      | 11229 ||| FLEEEEING.
 11230 | D:9      | 11230 ||| FLEEEEING.
 11231 | D:9      | 11231 ||| FLEEEEING.
 11234 | D:9      | 11234 ||| FLEEEEING.
 11235 | D:9      | 11235 ||| FLEEEEING.
 11305 | D:9      | 11305 ||| Stepping ~*~*~tactically~*~*~ (stealth).
 11369 | D:9      | 11369 ||| Stepping ~*~*~tactically~*~*~ (hiding).
 11413 | D:9      | 11413 ||| INVOKING Berserk.
 11589 | D:9      | 11589 ||| INVOKING Berserk.
 11592 | D:9      | Noticed Erolcha
 11597 | D:9      | Noticed a two-headed ogre
 11604 | D:9      | Killed a two-headed ogre
 11605 | D:9      | Reached skill level 13 in Axes
 11606 | D:9      | 11606 ||| INVOKING Trog's Hand.
 11607 | D:9      | 11607 ||| INVOKING Brothers in Arms.
 11608 | D:9      | Killed Erolcha
 11609 | D:9      | Reached skill level 3 in Throwing
 11927 | D:9      | 11927 ||| Stepping ~*~*~tactically~*~*~ (hiding).
 11928 | D:9      | Noticed Prince Ribbit
 11931 | D:9      | 11931 ||| INVOKING Berserk.
 11942 | D:9      | Killed Prince Ribbit
 11948 | D:9      | 11948 ||| INVOKING Brothers in Arms.
 11949 | D:9      | HP: 5/72 [orc warrior/+0 glaive (16)]
 11950 | D:9      | Reached skill level 9 in Armour
 11950 | D:9      | 11950 ||| READING 3 scrolls of teleportation.
 11951 | D:9      | HP: 1/72 [orc warrior/+0 mace (3)]
 12377 | D:9      | 12377 ||| INVOKING Berserk.
 12512 | D:9      | Found a staircase to the Orcish Mines.
 12513 | D:9      | 12513 ||| Stepping ~*~*~tactically~*~*~ (stealth).
 12514 | D:9      | 12514 ||| Stepping ~*~*~tactically~*~*~ (stealth).
 12672 | D:9      | 12672 ||| PLANNING LAIR
 12672 | D:9      | 12672 ||| DROPPING +6 ring of intelligence.
 12673 | D:9      | 12673 ||| READING scroll labelled UTEGYH EPIGOSK.
 12674 | D:9      | 12674 ||| READING 2 scrolls labelled KUURRO LYCSU.
 12675 | D:9      | 12675 ||| DROPPING scroll of fear.
 12715 | Lair:1   | Entered Level 1 of the Lair of Beasts
 12739 | Lair:1   | Noticed Joseph
 12740 | Lair:1   | 12740 ||| Stepping ~*~*~tactically~*~*~ (hiding).
 12742 | Lair:1   | 12742 ||| Stepping ~*~*~tactically~*~*~ (hiding).
 12743 | Lair:1   | 12743 ||| INVOKING Berserk.
 12751 | Lair:1   | Killed Joseph
 12911 | Lair:1   | Reached XP level 12. HP: 77/77 MP: 10/10
 13006 | Lair:1   | 13006 ||| INVOKING Berserk.
 13268 | Lair:1   | 13268 ||| Stepping ~*~*~tactically~*~*~ (stealth).
 13583 | Lair:1   | Identified the +9 short sword of the Other Side {holy,
                  | *Rage rElec Dex-3 Stlth+}
 13672 | Lair:1   | Noticed Erica
 13673 | Lair:1   | 13673 ||| Stepping ~*~*~tactically~*~*~ (hiding).
 13675 | Lair:1   | 13675 ||| INVOKING Brothers in Arms.
 13676 | Lair:1   | 13676 ||| INVOKING Berserk.
 13681 | Lair:1   | Killed Erica
 13682 | Lair:1   | Reached skill level 14 in Axes
 14073 | Lair:1   | Found a runed translucent door.
 14073 | Lair:1   | Found a shimmering altar of Xom.
 14073 | Lair:1   | Noticed qw's ghost (journeyman TrCA)
 14337 | Lair:1   | 14337 ||| UPGRADING to amulet of reflection.
 14342 | Lair:1   | 14342 ||| READING scroll labelled ZOIQ MOITA.
 14541 | Lair:2   | Found a one-way gate to the infinite horrors of the Abyss.
 14541 | Lair:2   | Noticed qw's ghost (journeyman GrBe)
 14543 | Lair:2   | Noticed a soul eater
 14545 | Lair:2   | Found a transporter.
 14624 | Lair:2   | Found a transporter.
 14628 | Lair:2   | 14628 ||| Stepping ~*~*~tactically~*~*~ (stealth).
 14629 | Lair:2   | 14629 ||| INVOKING Berserk.
 14787 | Lair:2   | 14787 ||| READING scroll of enchant weapon.
 14787 | Lair:2   | 14787 ||| ENCHANTING +3 vorpal broad axe.
 15168 | Lair:2   | 15168 ||| DRINKING 2 bubbling coppery potions.
 15254 | Lair:3   | Found a staircase to the Shoals.
 15326 | Lair:3   | Found a hole to the Spider Nest.
 15330 | Lair:3   | 15330 ||| INVOKING Berserk.
 15530 | Lair:3   | 15530 ||| Stepping ~*~*~tactically~*~*~ (stealth).
 15532 | Lair:3   | 15532 ||| Stepping ~*~*~tactically~*~*~ (stealth).
 15536 | Lair:3   | 15536 ||| INVOKING Berserk.
 15612 | Lair:3   | 15612 ||| Stepping ~*~*~tactically~*~*~ (stealth).
 15613 | Lair:3   | 15613 ||| Stepping ~*~*~tactically~*~*~ (stealth).
 15614 | Lair:3   | 15614 ||| Stepping ~*~*~tactically~*~*~ (stealth).
 15615 | Lair:3   | 15615 ||| INVOKING Berserk.
 15834 | Lair:3   | Identified the +9 rapier of the Rescuing Ancients {freeze,
                  | Fly rF+ rC++ Will-}
 15842 | Lair:3   | 15842 ||| INVOKING Berserk.
 16206 | Lair:3   | 16206 ||| DROPPING ring of positive energy.
 16207 | Lair:3   | 16207 ||| DROPPING ring of willpower.
 16208 | Lair:3   | 16208 ||| READING scroll labelled UZE PAOCKIA.
 16209 | Lair:3   | 16209 ||| DRINKING 2 amethyst potions.
 16310 | Lair:3   | 16310 ||| DROPPING potion of ambrosia.
 16323 | Lair:4   | Noticed a five-headed hydra
 16324 | Lair:4   | 16324 ||| INVOKING Brothers in Arms.
 16325 | Lair:4   | 16325 ||| SWAPPING to +2 morningstar of venom.
 16326 | Lair:4   | 16326 ||| INVOKING Berserk.
 16329 | Lair:4   | Killed a five-headed hydra
 16335 | Lair:4   | Reached skill level 15 in Axes
 16346 | Lair:4   | 16346 ||| SWAPPING to +4 vorpal broad axe.
 16469 | Lair:4   | 16469 ||| Stepping ~*~*~tactically~*~*~ (hiding).
 16547 | Lair:4   | Noticed an eight-headed hydra
 16548 | Lair:4   | 16548 ||| INVOKING Brothers in Arms.
 16549 | Lair:4   | 16549 ||| INVOKING Brothers in Arms.
 16550 | Lair:4   | 16550 ||| INVOKING Brothers in Arms.
 16551 | Lair:4   | 16551 ||| INVOKING Brothers in Arms.
 16552 | Lair:4   | 16552 ||| INVOKING Brothers in Arms.
 16553 | Lair:4   | 16553 ||| INVOKING Brothers in Arms.
 16554 | Lair:4   | 16554 ||| SWAPPING to +2 morningstar of venom.
 16555 | Lair:4   | 16555 ||| INVOKING Berserk.
 16558 | Lair:4   | Killed an eight-headed hydra
 16732 | Lair:4   | 16732 ||| SWAPPING to +4 vorpal broad axe.
 16844 | Lair:4   | 16844 ||| INVOKING Berserk.
 17190 | Lair:4   | 17190 ||| Stepping ~*~*~tactically~*~*~ (stealth).
 17192 | Lair:4   | 17192 ||| Stepping ~*~*~tactically~*~*~ (stealth).
 17194 | Lair:4   | 17194 ||| Stepping ~*~*~tactically~*~*~ (stealth).
 17323 | Lair:4   | Reached XP level 13. HP: 76/84 MP: 11/11
 17527 | Lair:5   | Entered Level 5 of the Lair of Beasts
 17527 | Lair:5   | Found a staircase to the Slime Pits.
 17529 | Lair:5   | 17529 ||| STAIRDANCE
 17558 | Lair:5   | Noticed Sonja
 17560 | Lair:5   | 17560 ||| Stepping ~*~*~tactically~*~*~ (stealth).
 17560 | Lair:5   | Found a viscous altar of Jiyva.
 17562 | Lair:5   | 17562 ||| Stepping ~*~*~tactically~*~*~ (stealth).
 17564 | Lair:5   | Reached skill level 12 in Fighting
 17564 | Lair:5   | 17564 ||| Stepping ~*~*~tactically~*~*~ (stealth).
 17568 | Lair:5   | 17568 ||| INVOKING Berserk.
 17580 | Lair:5   | Killed Sonja
 17586 | Lair:5   | HP: 16/86 [acid (7)]
 17587 | Lair:5   | 17587 ||| READING 4 scrolls of teleportation.
 17587 | Lair:5   | HP: 1/86 [acid (15)]
 17588 | Lair:5   | 17588 ||| DRINKING 3 potions of heal wounds.
 17589 | Lair:5   | 17589 ||| DRINKING 2 potions of heal wounds.
 17592 | Lair:5   | 17592 ||| FLEEEEING.
 17593 | Lair:5   | 17593 ||| FLEEEEING.
 17594 | Lair:5   | 17594 ||| FLEEEEING.
 17595 | Lair:5   | 17595 ||| STAIRDANCE
 17840 | Lair:5   | 17840 ||| INVOKING Berserk.
 17848 | Lair:5   | 17848 ||| STAIRDANCE
 17985 | Lair:5   | 17985 ||| Stepping ~*~*~tactically~*~*~ (stealth).
 17987 | Lair:5   | 17987 ||| INVOKING Brothers in Arms.
 17988 | Lair:5   | 17988 ||| INVOKING Brothers in Arms.
 17990 | Lair:5   | 17990 ||| SWAPPING to +2 morningstar of venom.
 17991 | Lair:5   | 17991 ||| INVOKING Berserk.
 18001 | Lair:5   | 18001 ||| SWAPPING to +4 vorpal broad axe.
 18087 | Lair:5   | 18087 ||| Stepping ~*~*~tactically~*~*~ (stealth).
 18094 | Lair:5   | 18094 ||| INVOKING Berserk.
 18240 | Lair:5   | 18240 ||| Stepping ~*~*~tactically~*~*~ (stealth).
 18241 | Lair:5   | 18241 ||| Stepping ~*~*~tactically~*~*~ (stealth).
 18242 | Lair:5   | 18242 ||| Stepping ~*~*~tactically~*~*~ (stealth).
 18247 | Lair:5   | 18247 ||| Stepping ~*~*~tactically~*~*~ (stealth).
 18249 | Lair:5   | 18249 ||| Stepping ~*~*~tactically~*~*~ (stealth).
 18250 | Lair:5   | 18250 ||| Stepping ~*~*~tactically~*~*~ (stealth).
 18252 | Lair:5   | 18252 ||| Stepping ~*~*~tactically~*~*~ (stealth).
 18262 | Lair:5   | 18262 ||| INVOKING Brothers in Arms.
 18264 | Lair:5   | 18264 ||| SWAPPING to +2 morningstar of venom.
 18266 | Lair:5   | 18266 ||| INVOKING Berserk.
 18275 | Lair:5   | 18275 ||| SWAPPING to +4 vorpal broad axe.
 18331 | Lair:5   | 18331 ||| Stepping ~*~*~tactically~*~*~ (stealth).
 18336 | Lair:5   | 18336 ||| Stepping ~*~*~tactically~*~*~ (stealth).
 18342 | Lair:5   | 18342 ||| INVOKING Berserk.
 18462 | Lair:5   | Reached skill level 16 in Axes
 18477 | Lair:5   | 18477 ||| Stepping ~*~*~tactically~*~*~ (stealth).
 18566 | Lair:5   | 18566 ||| INVOKING Berserk.
 18577 | Lair:5   | Reached skill level 3 in Dodging
 18728 | Lair:5   | Noticed a dire elephant
 18728 | Lair:5   | Noticed a dire elephant
 18728 | Lair:5   | Noticed a dire elephant
 18729 | Lair:5   | Noticed a dire elephant
 18731 | Lair:5   | 18731 ||| Stepping ~*~*~tactically~*~*~ (stealth).
 18733 | Lair:5   | 18733 ||| INVOKING Berserk.
 18753 | Lair:5   | 18753 ||| Stepping ~*~*~tactically~*~*~ (stealth).
 18826 | Lair:5   | 18826 ||| Stepping ~*~*~tactically~*~*~ (stealth).
 18832 | Lair:5   | 18832 ||| INVOKING Berserk.
 19180 | Lair:5   | 19180 ||| INVOKING Berserk.
 19193 | Lair:5   | Killed a dire elephant
 19194 | Lair:5   | Killed a dire elephant
 19203 | Lair:5   | Killed a dire elephant
 19210 | Lair:5   | 19210 ||| Stepping ~*~*~tactically~*~*~ (water).
 19210 | Lair:5   | HP: 10/86 [dire elephant (23)]
 19210 | Lair:5   | Mangled by a dire elephant

Levels and vault maps discovered:
D:1:      erik_arrival_triangle_large, layout_loops_corners
D:2:      layout_rooms, serial_forest, infiniplex_forest_end_1,
          infiniplex_forest_clump_medium, infiniplex_forest_zigzag_2,
          infiniplex_forest_clump_double, infiniplex_forest_fountain,
          infiniplex_forest_lined_3, infiniplex_forest_end_1, basic_altar,
          uniq_natasha
D:3:      layout_loops_corners, mainiacjoe_overflow_boulevard,
          dreamdust_ecumenical_altar_sealed_demon
D:4:      layout_gridville, overflow_temple_1_default
D:5:      layout_loops_ring, slow_altar_1, kennysheep_little_box,
          minmay_manual_maat, uniq_pikel, uniq_eustachio
D:6:      cheibrodos_iron_armory, layout_basic,
          minmay_temple_entry_drinking_statues, serial_shops,
          nicolae_shop_hallway_plus
D:7:      layout_loops_ring, trog_book, minitemple, enter_ossuary_2
D:8:      layout_basic, tso_oasis_becter, small_statue_alley_b, uniq_gastronok
D:9:      lemuel_ogre_cave, layout_small_grid, erik_lair_orcish_takeover,
          david_orc_4, lightli_bailey_entry_fortress, gammafunk_ghost_spectres,
          uniq_prince_ribbit1
Lair:1:   layout_layer_cave, ebering_ghost_xom, uniq_erica, uniq_joseph
Lair:2:   layout_chaotic_city, gammafunk_ghost_abyssal_escape,
          patterned_corridor, lemuel_fruit_tree
Lair:3:   layout_loops_ring, elwin_shoals_entry_rooms,
          hellmonk_spider_entry_not_the_bees
Lair:4:   layout_loops_ring, nicolae_lair_run_with_the_wolves
Lair:5:   due_jungle_book, layout_concentric_octagons,
          nicolae_slime_entry_slimehenge, uniq_sonja

Skill      XL: |  1  2  3  4  5  6  7  8  9 10 11 12 13 |
---------------+----------------------------------------+-----
Axes           | 3 4 5 6 7 9 10 12 13 15 16 | 16.9
Fighting       | 4 5 6 8 9 10 11 12 | 12.0
Throwing       | 1 3 |  3.0
Armour         | 3 6 7 9 10 | 10.0
Dodging        | 2 3 |  3.0

Action                   |  1- 3 |  4- 6 |  7- 9 | 10-12 | 13-15 || total
-------------------------+-------+-------+-------+-------+-------++-------
Melee: Hand axe          |    94 |   139 |   103 |       |       ||   336
       Punch             |       |     1 |     2 |     4 |     2 ||     9
       Broad axe         |       |       |    62 |   442 |   147 ||   651
       Morningstar       |       |       |       |    19 |     8 ||    27
Throw: Boomerang         |       |     2 |    70 |    92 |    31 ||   195
Invok: Berserk           |     3 |     3 |     9 |    19 |    10 ||    44
       Brothers in Arms  |       |       |       |     5 |     2 ||     7
       Trog's Hand       |       |       |       |     1 |       ||     1
  Use: Scroll            |     1 |     7 |     7 |    14 |     1 ||    30
       Potion            |     1 |     1 |     3 |     2 |     2 ||     9
 Stab: Distracted        |       |       |       |     1 |       ||     1
       Petrifying        |       |       |       |       |     1 ||     1
Armor: Animal skin       |    39 |     6 |       |       |       ||    45
       Ring mail         |       |    21 |     1 |       |       ||    22
       Scale mail        |       |       |    21 |       |       ||    21
       Chain mail        |       |       |    43 |    13 |       ||    56
       Plate armour      |       |       |       |   262 |    56 ||   318
Dodge: Dodged            |    52 |    84 |    90 |   239 |    58 ||   523
Block: Other             |       |       |       |    32 |    24 ||    56

Table legend:
 A = Non-vault XP
 B = Vault XP
 C = Vault XP percentage of total XP
 D = Non-vault monster count
 E = Vault monster count
 F = Vault count percentage of total count
                 A         B        C        D         E       F
            +---------+---------+-------+---------+---------+-------
      Total |   28947 |   22045 |  43.2 |     258 |     126 |  32.8
            +---------+---------+-------+---------+---------+-------
        D:1 |      16 |       0 |   0.0 |      10 |       0 |   0.0
        D:2 |     135 |      35 |  20.6 |      25 |       1 |   3.8
        D:3 |      21 |       0 |   0.0 |       5 |       0 |   0.0
        D:4 |     324 |       0 |   0.0 |      19 |       0 |   0.0
        D:5 |    1013 |     979 |  49.1 |      29 |       5 |  14.7
        D:6 |    1797 |    1217 |  40.4 |      23 |       4 |  14.8
        D:7 |     433 |       0 |   0.0 |      16 |       0 |   0.0
        D:8 |    2316 |    1398 |  37.6 |      33 |       1 |   2.9
        D:9 |    1236 |    6307 |  83.6 |      17 |      58 |  77.3
     Lair:1 |    2386 |    1294 |  35.2 |      10 |       2 |  16.7
     Lair:2 |    1027 |       0 |   0.0 |       5 |       0 |   0.0
     Lair:3 |    3673 |     548 |  13.0 |      17 |       5 |  22.7
     Lair:4 |    4857 |    1574 |  24.5 |      23 |       6 |  20.7
     Lair:5 |    9713 |    8441 |  46.5 |      26 |      17 |  39.5
    Ossuary |       0 |     252 | 100.0 |       0 |      27 | 100.0
            +---------+---------+-------+---------+---------+-------
